 Dungeon Crawl Stone Soup version 0.22.1-1-ga44c0e5 (webtiles) character file.

296 Folque the Magician (level 6, -4/50 HPs)
             Began as a Draconian Earth Elementalist on Oct 20, 2018.
             Killed from afar by an orc wizard (5 damage)
             ... with a puff of flame
             ... on level 4 of the Dungeon.
             The game lasted 00:10:29 (2280 turns).

Folque the Magician (Draconian Earth Elementalist)  Turns: 2280, Time: 00:10:34

Health: -4/50      AC:  7    Str: 10    XL:     6   Next: 12%
Magic:  0/12       EV: 12    Int: 20    God:
Gold:   200        SH:  0    Dex: 11    Spells: 7/13 levels left

rFire    . . .     SeeInvis .   m - +4 quarterstaff (chaos)
rCold    . . .     Gourm    .   (shield currently unavailable)
rNeg     . . .     Faith    .   (armour unavailable)
rPois    .         Spirit   .   (helmet restricted)
rElec    .         Reflect  .   n - +0 cloak
rCorr    .         Harm     .   (no gloves)
MR       .....                  (no boots)
Stlth    ++........             (no amulet)
HPRegen  0.16/turn              (no ring)
MPRegen  0.13/turn              (no ring)

@: flying
A: unfitting armour, blurry vision 1, clever 1, cold-blooded, AC +6
a: no special abilities


You were on level 4 of the Dungeon.
You were not hungry.

You visited 1 branch of the dungeon, and saw 4 of its levels.

You collected 200 gold pieces.

Inventory:

Hand Weapons
 a - a +0 short sword
 d - a +0 spear
 e - a +2 dagger of venom
 m - a +4 quarterstaff of chaos (weapon)
Missiles
 b - 152 stones (quivered)
Armour
 n - a +0 cloak (worn)
Jewellery
 g - an uncursed amulet of faith {unknown}
 i - a +5 ring of intelligence {unknown}
Scrolls
 f - 2 scrolls of magic mapping {unknown}
 h - 3 scrolls of fog {unknown}
 j - 4 scrolls of identify {unknown}
 k - a scroll of noise {unknown}
 l - 3 scrolls of enchant weapon {unknown}
 o - a scroll of random uselessness {unknown}
 p - a scroll of blinking {unknown}
 r - a scroll of immolation {unknown}
Potions
 t - a potion of flight
Comestibles
 c - 5 rations


   Skills:
 - Level 2.4 Fighting
 + Level 1.7 Dodging
 - Level 1.7 Stealth
 + Level 4.4 Spellcasting
 - Level 1.3 Conjurations
 - Level 1.0 Transmutations
 * Level 4.2 Earth Magic


You had 7 spell levels left.
You knew the following spells:

 Your Spells              Type           Power        Failure   Level  Hunger
a - Sandblast             Erth           ###...       2%          1    None
b - Passwall              Tmut/Erth      ###.....     6%          2    #......
c - Stone Arrow           Conj/Erth      ###...       12%         3    ###....

Your spell library contained the following spells:

 Spells                   Type           Power        Failure   Level  Hunger
 Petrify                  Tmut/Erth      ###.....     38%         4    ####...
 Lee's Rapid Deconstruct  Erth           ###.......   52%         5    ######.


Dungeon Overview and Level Annotations

Branches:
Dungeon (4/15)
 Temple: D:4-7

Altars:
Nemelex Xobeh
Ru
Vehumet


Innate Abilities, Weirdness & Mutations

Your plain brown scales are hard. (AC +6)
You cannot fit into any form of body armour.
You are cold-blooded and may be slowed by cold attacks.
Scrolls take you a little longer to read.
Your mind is acute. (Int +2)


Message History

You hear some strange, mumbled words.
A magic dart appears from out of thin air!
The magic dart hits you!
* * * LOW HITPOINT WARNING * * *
Something hits you but does no damage.
It was a potion of flight.
You feel very buoyant.
You fly up into the air.
You hear some strange, mumbled words.
A magic dart appears from out of thin air!
The magic dart hits you!
* * * LOW HITPOINT WARNING * * *
Really read with blurry vision while enemies are nearby?
Something hits you.
* * * LOW HITPOINT WARNING * * *
You begin reading the scroll.
You continue reading the scroll.
You hear some strange, mumbled words.
A puff of flame appears from out of thin air!
The puff of flame hits you!
You die...

#.#.#.#.###
#.#.#.. #
#.#.#############
#.............#
#############.#
#.# #.# #.# #@#
#{# #.# #.# #.#
#)# #.# #.###
#...#


There were no monsters in sight!

Vanquished Creatures
  An ogre (D:4)
  Crazy Yiuf (D:2)
  A bullfrog skeleton (D:4)
  Jessica (D:2)
  4 adders
  2 worms
  4 dart slugs
  A leopard gecko (D:2)
  8 orcs
  8 bats
  12 giant cockroaches
  8 goblins
  7 hobgoblins
  2 quokkas
  2 ball pythons
  4 frilled lizards
  10 kobolds
  4 rats
80 creatures vanquished.

Notes
Turn   | Place    | Note
-------+----------+-------------------------------------------
     0 | D:1      | Folque the Draconian Earth Elementalist began the quest for
                  | the Orb.
     0 | D:1      | Reached XP level 1. HP: 14/14 MP: 3/3
   212 | D:1      | Reached skill level 1 in Fighting
   213 | D:1      | Reached XP level 2. HP: 20/23 MP: 5/5
   282 | D:1      | Learned a level 2 spell: Passwall
   615 | D:2      | Reached XP level 3. HP: 26/29 MP: 6/6
   625 | D:2      | Noticed Jessica
   637 | D:2      | Gained mutation: Scrolls take you a little longer to read.
                  | [potion of mutation]
   637 | D:2      | Gained mutation: Your mind is acute. (Int +2) [potion of
                  | mutation]
   643 | D:2      | Killed Jessica
   927 | D:2      | Reached XP level 4. HP: 36/37 MP: 7/7
   932 | D:2      | Learned a level 3 spell: Stone Arrow
  1066 | D:2      | Found a sparkling altar of Nemelex Xobeh.
  1131 | D:2      | Found a sacrificial altar of Ru.
  1246 | D:2      | Found a runed door.
  1250 | D:2      | Noticed Crazy Yiuf
  1255 | D:2      | Killed Crazy Yiuf
  1393 | D:2      | Reached skill level 1 in Conjurations
  1424 | D:2      | Reached XP level 5. HP: 42/42 MP: 9/9
  1621 | D:3      | Found a radiant altar of Vehumet.
  2229 | D:4      | Noticed an ogre
  2270 | D:4      | Killed an ogre
  2270 | D:4      | Reached XP level 6. HP: 19/50 MP: 0/12
  2275 | D:4      | HP: 2/50 [something/puff of frost (10)]
  2280 | D:4      | Killed from afar by an orc wizard

Skill      XL: |  1  2  3  4  5 |
---------------+----------------+-----
Fighting       | 1 2 |  2.4
Earth Magic    | 4 |  4.2
Spellcasting   | 3 4 |  4.4
Conjurations   | 1 |  1.3
Dodging        | |  1.7
Stealth        | |  1.7
Transmutations | |  1.0

Action                   |  1- 3 |  4- 6 || total
-------------------------+-------+-------++-------
Melee: Unarmed           |    17 |       ||    17
       Spear             |    62 |       ||    62
       Tailslap          |     2 |     4 ||     6
       Dagger            |       |    36 ||    36
       Quarterstaff      |       |    72 ||    72
 Cast: Sandblast         |    14 |    11 ||    25
       Stone Arrow       |       |     6 ||     6
  Use: Potion            |     2 |     2 ||     4
 Stab: Sleeping          |     4 |     5 ||     9
       Invisible         |       |     1 ||     1
       Paralysed         |       |     1 ||     1
  Eat: Chunk             |       |     5 ||     5
Armor: Skin              |    17 |    36 ||    53
Dodge: Dodged            |    40 |    58 ||    98
